 Dungeon Crawl Stone Soup version 0.19-a0-713-g934ebc7 (webtiles) character file.

98092 shmeve the Peltast (level 15, -9/142 (143) HPs)
             Began as a Minotaur Berserker on June 20, 2016.
             Was the Champion of Trog.
             Killed from afar by a fire giant (50 damage)
             ... with a fireball
             ... on level 15 of the Dungeon on June 21, 2016.
             The game lasted 01:13:09 (24177 turns).

shmeve the Peltast (Minotaur Berserker)            Turns: 24177, Time: 01:13:09

HP:   -9/142 (143)  AC: 34    Str: 32    XL:     15   Next: 73%
MP:   14/14         EV: 14    Int:  7    God:    Trog [******]
Gold: 1043          SH: 23    Dex: 18    Spells: 0 memorised, 14 levels left

rFire  . . .     SeeInvis .     M - +3 hunting sling of the Feather {venom, MR+ Str+3 Dex+3}
rCold  . . .     Gourm    .     e - +8 orange crystal plate armour {Archmagi, Int+3 Clar SustAt}
rNeg   . . .     Faith    .     k - +0 large shield
rPois  +         Spirit   .     (helmet restricted)
rElec  .         Dismiss  .     N - +2 cloak {rPois}
rCorr  .         Reflect  .     I - +0 pair of gloves {Str+3}
SustAt +         Harm     .     (no boots)
MR     ++...     Clarity  +     Y - amulet of regeneration
Stlth  ..........               L - +3 ring of dexterity
                                W - +3 ring of evasion

@: very resistant to hostile enchantments, extremely unstealthy
A: retaliatory headbutt, horns 2
a: Berserk, Trog's Hand, Brothers in Arms, Burn Spellbooks, Renounce Religion


You were on level 15 of the Dungeon.
You worshipped Trog.
Trog was exalted by your worship.
You were hungry.

You visited 3 branches of the dungeon, and saw 23 of its levels.
You also visited: Labyrinth and Bailey.

You collected 2743 gold pieces.
You spent 1700 gold pieces at shops.

Inventory:

Hand Weapons
 H - the +11 hand axe of Gehenna {venom, Str+5}
   (You found it on level 6 of the Lair of Beasts)

   It poisons the flesh of those it strikes.
   It affects your strength (+5).
 M - the +3 hunting sling of the Feather (weapon) {venom, MR+ Str+3 Dex+3}
   (Trog gifted it to you on level 13 of the Dungeon)

   It poisons the ammo it fires.
   It affects your strength (+3).
   It affects your dexterity (+3).
   It affects your resistance to hostile enchantments.
Missiles
 y - 317 sling bullets (quivered)
Armour
 e - the +8 orange crystal plate armour (worn) {Archmagi, Int+3 Clar SustAt}
   (You found it on level 6 of the Lair of Beasts)

   It affects your intelligence (+3).
   It sustains your strength, intelligence and dexterity.
   It protects you against confusion.
 k - a +0 large shield (worn)
 I - a +0 pair of gloves of strength (worn)
 N - a +2 cloak of poison resistance (worn)
Jewellery
 L - a +3 ring of dexterity (right hand)
 W - a +3 ring of evasion (left hand)
 Y - an amulet of regeneration (around neck)
Wands
 O - a wand of disintegration (13/24)
 V - a wand of disintegration (13/24)
Scrolls
 a - a scroll of silence {unknown}
 b - a scroll of fog {unknown}
 i - 7 scrolls of remove curse
 j - 7 scrolls of teleportation {unknown}
 l - 2 scrolls of fear {unknown}
 n - 19 scrolls of identify
 q - 3 scrolls of magic mapping {unknown}
 r - 6 scrolls of immolation {unknown}
 w - 2 scrolls of enchant weapon {unknown}
 x - 2 scrolls of blinking {unknown}
 z - 4 scrolls of random uselessness {unknown}
 B - 5 scrolls of recharging {unknown}
 D - 5 scrolls of enchant armour {unknown}
 J - 3 scrolls of amnesia {unknown}
 P - 2 scrolls of torment {unknown}
Potions
 d - a potion of cure mutation {unknown}
 f - 4 potions of haste {unknown}
 h - 2 potions of mutation {unknown}
 m - 4 potions of ambrosia {unknown}
 o - 9 potions of curing {unknown}
 s - a potion of cancellation {unknown}
 v - 2 potions of invisibility
 A - 2 potions of berserk rage {unknown}
 E - 2 potions of heal wounds {unknown}
 F - 4 potions of flight {unknown}
 G - 2 potions of degeneration {unknown}
 K - 4 potions of agility {unknown}
 Q - a potion of brilliance {unknown}
 R - a potion of resistance {unknown}
 S - 3 potions of might {unknown}
 T - a potion of magic {unknown}
 U - a potion of lignification {unknown}
Comestibles
 c - 12 bread rations
 g - 14 meat rations
 t - a beef jerky
 u - 14 royal jellies
 C - 6 slices of pizza


   Skills:
 * Level 15.7 Fighting
 * Level 15.7 Axes
 + Level 10.3 Slings
 + Level 11.6 Armour
 + Level 10.7 Dodging
 * Level 16.0 Shields


You had 14 spell levels left.
You didn't know any spells.

Dungeon Overview and Level Annotations

Branches:
Dungeon (15/15)            Temple (0/1) D:7            Lair (6/6) D:11
 Shoals (0/4) Lair:4        Snake (0/4) Lair:3        Slime (0/5) Lair:5
    Orc (2/2) D:11            Elf (0/3) Orc:2        Vaults (0/5) D:13
 Depths (0/5) D:15

Altars:
Ashenzari
Elyvilon
Fedhas
Hepliaklqana
Kikubaaqudgha
Makhleb
Nemelex Xobeh
Okawaru
Qazlal
Sif Muna
Uskayaw
Vehumet
Xom
Yredelemnul
The Shining One
Beogh
Jiyva

Shops:
D:7 [?[   Orc:2 ?*(*


Innate Abilities, Weirdness & Mutations

You reflexively headbutt those who attack you in melee.
You have a pair of horns on your head.


Message History

Firing (i - inventory):
y - 319 sling bullets (quivered)
Press: ? - help, Shift-Dir - straight line, f/p - fire giant
Aim: a fire giant, wielding a great sword of flaming (black smoke, heavily wounded, poisoned)
You shoot a sling bullet. The sling bullet hits the fire giant.
The fire giant looks as sick as possible!
The fire giant is severely wounded.
The fire giant gestures at you while chanting.
The fireball explodes!
The fireball engulfs you!
Firing (i - inventory):
y - 318 sling bullets (quivered)
Press: ? - help, Shift-Dir - straight line, f/p - fire giant
Aim: a fire giant, wielding a great sword of flaming (black smoke, severely wounded, poisoned)
You shoot a sling bullet. The sling bullet hits the fire giant.
The fire giant looks as sick as possible!
The fire giant is severely wounded.
The fire giant casts a spell at you.
The fireball explodes!
The fireball engulfs you!
* * * LOW HITPOINT WARNING * * *
The fire giant points at you and mumbles some strange words.
The fireball explodes!
The fireball engulfs you!
You die...

≈§§§§≈≈≈§.......##.........
§§§...§§§.................#
#§≈.>.≈§#§......###....#....
§§.....≈§.........#....##..#
≈≈.≈C§≈≈≈........#...###...
#≈≈≈§≈#≈..#####....#.# #.##
≈≈≈#§≈§≈..####.......###..#
.≈.≈.§§..##.....####.......
....../.#.@.###..# #......#
##........### ##.###......<
#...###### #.##........ ####
#.##........ #.##........
#..#........ ##......†...
#.......... #.........#


You could see a fire giant.

Vanquished Creatures
  Maud (Lair:3)
  Nessos (Lair:6)
  A dire elephant (Lair:6)
  2 ettins (Orc:2)
  A minotaur (Lab)
  2 hydras
  Fannar (Lair:2)
  A catoblepas (Lair:6)
  The ghost of Bigslacks the Cleaver, a novice HOFi of Uskayaw (D:8)
  A deep troll shaman (Lair:6)
  16 death yaks (Lair:6)
  2 centaur warriors (D:15)
  A tengu warrior (D:15)
  5 orc high priests (Orc:2)
  Sonja (D:12)
  Nergalle (Lair:3)
  2 unseen horrors
  6 hill giants
  A lindwurm (Lair:4)
  Pikel (D:4)
  10 orc knights
  2 deep elf magi
  2 necromancers (D:13)
  A manticore (Lair:4)
  5 griffons
  3 ugly things
  4 cyclopes
  12 elephants
  Psyche (D:12)
  4 black mambas
  5 centaur skeletons
  2 kobold demonologists (D:13)
  6 komodo dragons
  12 spiny frogs
  3 rime drakes
  An efreet (D:14)
  5 yaktaurs (D:15)
  A polar bear (Lair:6)
  A queen bee (Lair:1)
  2 trolls
  3 two-headed ogres
  12 slime creatures
  19 blink frogs
  A water elemental (D:15)
  A wyvern (D:9)
  A wraith (D:15)
  A vampire (D:14)
  43 yaks
  5 hungry ghosts
  8 basilisks
  12 hippogriffs
  2 mottled dragons
  3 soldier ants
  3 wargs
  2 nagas (Lair:3)
  19 water moccasins
  5 porcupines
  4 sky beasts
  2 black bears
  4 ice beasts
  4 slaves (D:4)
  2 phantoms
  43 orc warriors
  A swamp drake (D:11)
  4 eyes of draining
  4 wasps
  2 necrophages
  12 ogres
  11 wolves
  9 centaurs
  19 crocodiles
  3 big kobolds
  18 giant frogs
  9 gnoll sergeants
  A wyvern zombie (D:8)
  2 scorpions
  50 killer bees
  4 wights (D:14)
  2 howler monkeys
  5 electric eels
  11 crimson imps
  A wasp zombie (D:8)
  3 quasits
  3 giant frog zombies
  5 jellies
  5 centaur zombies
  10 hounds
  38 orc priests
  22 orc wizards
  4 giant frog skeletons
  8 gnoll shamans
  17 iguanas
  16 worker ants
  Natasha (thrice) (D:2)
  10 sheep
  2 hound skeletons
  A worker ant zombie (D:7)
  A howler monkey zombie (D:10)
  28 gnolls
  53 river rats
  26 adders
  A shadow imp (D:6)
  10 oozes
  2 adder skeletons
  2 worms (D:5)
  3 dart slugs
  7 giant geckos
  113 orcs
  3 ball pythons (D:2)
  2 bat zombies (D:2)
  4 giant cockroaches
  6 goblins
  3 hobgoblins
  15 jackals
  17 kobolds
  3 quokkas
  7 bats
  11 giant newts
  8 rats
  2 rat zombies (D:2)
  3 bushes
  2 fungi
  8 plants
984 creatures vanquished.

Vanquished Creatures (others)
  A vampire (D:9)
  A shadow (D:15)
  A human (D:3)
  3 orcs (D:4)
  5 fungi
  10 plants
21 creatures vanquished.

Grand Total: 1005 creatures vanquished

Notes
Turn   | Place    | Note
--------------------------------------------------------------
     0 | D:1      | shmeve the Minotaur Berserker began the quest for the Orb.
     0 | D:1      | Reached XP level 1. HP: 19/19 MP: 0/0
   143 | D:1      | Reached XP level 2. HP: 27/27 MP: 1/1
   427 | D:1      | Reached ** piety under Trog
   739 | D:2      | Reached XP level 3. HP: 30/33 MP: 2/2
   752 | D:2      | Found a shattered altar of Ashenzari.
   788 | D:2      | Noticed Natasha
   790 | D:2      | Killed Natasha
   790 | D:2      | Reached skill level 1 in Slings
   790 | D:2      | Reached XP level 4. HP: 27/41 MP: 3/3
  1057 | D:2      | Reached skill level 5 in Axes
  1273 | D:2      | Noticed Natasha
  1280 | D:2      | Killed Natasha
  1328 | D:2      | Found a glowing golden altar of the Shining One.
  1343 | D:2      | Noticed Natasha
  1348 | D:2      | Killed Natasha
  1348 | D:2      | Reached XP level 5. HP: 33/47 MP: 4/4
  1459 | D:2      | Found an ancient bone altar of Kikubaaqudgha.
  1748 | D:3      | Reached *** piety under Trog
  1748 | D:3      | Reached skill level 1 in Shields
  1751 | D:3      | Reached skill level 2 in Shields
  1757 | D:3      | Reached skill level 3 in Shields
  1762 | D:3      | Reached XP level 6. HP: 14/55 MP: 5/5
  2157 | D:3      | Found a hide-covered altar of Uskayaw.
  2235 | D:3      | Reached skill level 4 in Shields
  2286 | D:3      | Found a shimmering altar of Xom.
  2286 | D:3      | Found a burning altar of Makhleb.
  2354 | D:3      | Noticed an ice beast
  2369 | D:3      | Killed an ice beast
  2369 | D:3      | Reached skill level 5 in Shields
  2492 | D:3      | Found an ancient bone altar of Kikubaaqudgha.
  2493 | D:3      | Noticed a human
  2496 | D:3      | Killed a human
  2581 | D:3      | Found a stormy altar of Qazlal.
  2742 | D:4      | Reached skill level 5 in Fighting
  2787 | D:4      | Reached XP level 7. HP: 50/61 MP: 6/6
  2834 | D:4      | Reached **** piety under Trog
  3068 | D:4      | Noticed Pikel
  3078 | D:4      | Killed Pikel
  3078 | D:4      | Reached skill level 6 in Shields
  3078 | D:4      | Reached XP level 8. HP: 70/70 MP: 7/7
  3682 | D:5      | Entered Level 5 of the Dungeon
  3700 | D:5      | Reached skill level 7 in Shields
  4432 | D:5      | Found a sparkling altar of Nemelex Xobeh.
  5423 | D:6      | Reached XP level 9. HP: 32/79 MP: 8/8
  5739 | D:6      | Found a basalt altar of Yredelemnul.
  5942 | D:6      | Reached skill level 5 in Armour
  6009 | D:6      | Reached skill level 8 in Shields
  6135 | D:6      | Found a white marble altar of Elyvilon.
  6188 | D:7      | Reached ***** piety under Trog
  6258 | D:7      | Found a deep blue altar of Sif Muna.
  6267 | D:7      | Found Jasoasulei's Antique Armour Emporium.
  6267 | D:7      | Found a staircase to the Ecumenical Temple.
  6271 | D:7      | Found Nevvux's Antique Armour Emporium.
  6367 | D:7      | Reached skill level 5 in Dodging
  6578 | D:7      | Found an iron altar of Okawaru.
  7022 | D:7      | Found Xuiwisua's Magic Scroll Emporium.
  7045 | D:7      | Bought a scroll of identify for 24 gold pieces
  7350 | D:8      | Found a blossoming altar of Fedhas.
  7408 | D:8      | Received a gift from Trog
  7408 | D:8      | Reached skill level 9 in Shields
  7463 | D:8      | Noticed Bigslacks's ghost (novice HOFi)
  7477 | D:8      | Killed Bigslacks's ghost
  7477 | D:8      | Reached XP level 10. HP: 90/90 MP: 9/9
  8095 | D:9      | Noticed a deep elf mage
  8106 | D:9      | Killed a deep elf mage
  8562 | D:9      | Reached skill level 5 in Slings
  8740 | D:9      | Received a gift from Trog
  8756 | D:9      | Reached skill level 10 in Shields
  9031 | D:9      | Reached skill level 10 in Axes
  9132 | D:9      | Received a gift from Trog
  9134 | D:9      | Reached skill level 10 in Fighting
  9134 | D:9      | Reached XP level 11. HP: 70/99 MP: 10/10
  9323 | D:9      | Found a radiant altar of Vehumet.
  9503 | D:9      | Found a hazy altar of Hepliaklqana.
  9573 | D:10     | Entered Level 10 of the Dungeon
 10060 | D:10     | Reached skill level 11 in Shields
 10875 | D:10     | Noticed a hill giant
 10884 | D:10     | Killed a hill giant
 11019 | D:11     | Noticed a hill giant
 11025 | D:11     | Reached ****** piety under Trog
 11025 | D:11     | Received a gift from Trog
 11042 | D:11     | Killed a hill giant
 11456 | D:11     | Noticed a hill giant
 11469 | D:11     | Killed a hill giant
 11469 | D:11     | Reached XP level 12. HP: 108/109 MP: 11/11
 11540 | D:11     | Found a staircase to the Lair.
 11836 | D:11     | Found a staircase to the Orcish Mines.
 12058 | Lair:1   | Entered Level 1 of the Lair of Beasts
 12063 | Lair:1   | Reached skill level 12 in Shields
 12351 | Lair:1   | Received a gift from Trog
 12540 | Lair:1   | Received a gift from Trog
 12707 | Lair:1   | Received a gift from Trog
 13644 | Lair:2   | Reached skill level 13 in Shields
 13873 | Lair:2   | Noticed Fannar
 13909 | Lair:2   | Killed Fannar
 14066 | Lair:2   | Reached XP level 13. HP: 61/118 MP: 12/12
 14284 | Lair:3   | Found a staircase to the Snake Pit.
 14382 | Lair:3   | Received a gift from Trog
 14698 | D:7      | Bought a faintly humming plate armour for 896 gold pieces
 14698 | D:7      | Identified the cursed +0 plate armour of the Bells {rPois} (You bought it in a shop on level 7 of the Dungeon)
 14963 | Lair:3   | Noticed Nergalle
 15060 | Lair:3   | Killed Nergalle
 15172 | Lair:3   | Noticed Maud
 15187 | Lair:3   | Killed Maud
 15720 | Lair:4   | Found a staircase to the Shoals.
 15982 | Lair:4   | Received a gift from Trog
 16672 | Lair:5   | Received a gift from Trog
 16773 | Lair:5   | Reached skill level 14 in Shields
 16778 | Lair:5   | Reached skill level 10 in Armour
 16820 | Lair:5   | Found a viscous altar of Jiyva.
 16825 | Lair:5   | Found a staircase to the Slime Pits.
 16847 | Lair:5   | Received a gift from Trog
 16892 | Lair:5   | Got a twisted chain mail
 16903 | Lair:5   | Identified the +7 chain mail of Ladders and Snakes {-Tele rN+ Str+5} (You found it on level 5 of the Lair of Beasts)
 17399 | Lair:6   | Entered Level 6 of the Lair of Beasts
 17416 | Lair:6   | Reached XP level 14. HP: 129/129 MP: 13/13
 17532 | Lair:6   | Noticed Nessos
 17541 | Lair:6   | Killed Nessos
 18237 | Lair:6   | Received a gift from Trog
 18462 | Lair:6   | Reached skill level 15 in Shields
 18591 | Lair:6   | Got a scorched hand axe
 18603 | Lair:6   | Identified the +11 hand axe of Gehenna {venom, Str+5} (You found it on level 6 of the Lair of Beasts)
 18918 | Orc:1    | Entered Level 1 of the Orcish Mines
 19238 | Orc:2    | Entered Level 2 of the Orcish Mines
 19255 | Orc:2    | Received a gift from Trog
 19394 | Orc:2    | Found a labyrinth entrance.
 19417 | Lab      | Entered a labyrinth
 19795 | Lab      | Got a pitted hunting sling
 19800 | Lab      | Identified the +8 hunting sling "Deakyb Joni" {venom, *Drain Int+7 Dex+10} (You found it in a labyrinth)
 19849 | Orc:2    | Found a roughly hewn altar of Beogh.
 19990 | Orc:2    | Found a staircase to the Elven Halls.
 20343 | Orc:2    | Reached skill level 15 in Axes
 20401 | Orc:2    | Reached XP level 15. HP: 123/138 MP: 14/14
 20415 | Orc:2    | Received a gift from Trog
 20417 | Orc:2    | Reached skill level 15 in Fighting
 20466 | Orc:2    | Found Foidgh's Assorted Antiques.
 20469 | Orc:2    | Found Votutyok's Assorted Antiques.
 20470 | Orc:2    | Found Pacyur's Magic Scroll Shoppe.
 20471 | Orc:2    | Found Vienteor's Weapon Emporium.
 20474 | Orc:2    | Bought a scroll of acquirement for 780 gold pieces
 20609 | Orc:2    | Received a gift from Trog
 20737 | D:12     | Noticed Sonja
 20742 | D:12     | Killed Sonja
 20781 | D:12     | Reached skill level 10 in Dodging
 21061 | D:12     | Noticed Psyche
 21065 | D:12     | Killed Psyche
 21579 | D:13     | Received a gift from Trog
 21582 | D:13     | Got a brightly glowing hunting sling {god gift}
 21583 | D:13     | Identified the +3 hunting sling of the Feather {venom, MR+ Str+3 Dex+3} (Trog gifted it to you on level 13 of the Dungeon)
 21717 | D:13     | Found a gate to the Vaults.
 21935 | D:13     | Found a stormy altar of Qazlal.
 22380 | D:14     | Found a flagged portal.
 22390 | Bailey   | Entered a bailey
 22598 | Bailey   | Received a gift from Trog
 22921 | D:14     | Found a white marble altar of Elyvilon.
 22986 | D:14     | Reached skill level 10 in Slings
 23451 | D:15     | Entered Level 15 of the Dungeon
 23711 | D:15     | Reached skill level 16 in Shields
 23762 | D:15     | Noticed a fire giant
 23762 | D:15     | Found a staircase to the Depths.
 23935 | D:15     | Received a gift from Trog
 24177 | D:15     | Killed from afar by a fire giant

Vault maps used:
D:1:      scummos_arrival_hexagon, minmay_newt_pond
D:2:      lemuel_zombie_altar_kikubaaqudgha, evilmike_ruin_ashenzari,
          lemuel_crystal_altar, minmay_cupped, uniq_natasha
D:3:      grunt_temple_overflow_champion_of_chaos,
          eat_drink_and_be_merry_uskayaw, old_standard_altar, first_bread,
          tgw_kikubaaqudgha
D:4:      uniq_pikel
D:5:      nemelex_xobeh_ov_fountains_minmay, grunt_ministairs_15
D:6:      kennysheep_ying_yang
D:7:      okawaru_metal_pillars_1_2, lemuel_doored_altar,
          minmay_temple_entry_trees, serial_shops, shop, shop, shop
D:8:      fedhas_altar_3
D:9:      marbit_many_paths, fiery_altar_vehumet
D:11:     erik_lair_dragon, orc_0_dummy, hangedman_little_slice_of_home
D:12:     uniq_psyche, uniq_sonja
D:13:     david_vaults_1, minivault_1, spider_trap, grunt_qazlal_sundering
D:14:     enter_bailey_2, minivault_25, elyvilon_altar_5
D:15:     grunt_enter_depths_giant_problem, portal_ice_cave_entry_ice_beasts,
          serial_bayou_pond_c, serial_bayou_lagoon_a, minivault_27
Lair:1:   regret_index_combs_of_tragedy
Lair:2:   uniq_fannar
Lair:3:   guppyfry_snake_entry_garden, st_stairs_3, grunt_megastairs_2,
          infiniplex_staircase_pool_2, uniq_maud, uniq_nergalle
Lair:4:   minmay_shoals_entry_beasts
Lair:5:   minmay_lair_venomous_thicket, slime_altar_1,
          nicolae_quartered_pool_super
Lair:6:   grunt_lair_end_beastmaster, uniq_nessos
Orc:2:    st_orc_pillars, lab_entry_generic, basic_altar
Lab:      nicolae_lab_lava, nicolae_lab_stuck, nicolae_lab_grate,
          nicolae_lab_statue, nicolae_lab_starburst
Bailey:   bailey_polearm_gnolls_kennysheep, bailey

Skill      XL: |  1  2  3  4  5  6  7  8  9 10 11 12 13 14 15 |
---------------+----------------------------------------------+-----
Axes           | 4 5 6 7 9 10 11 12 13 15 | 15.7
Fighting       | 4 5 7 8 10 11 12 13 14 15 | 15.7
Slings         | 1 2 3 4 5 6 7 8 9 10 | 10.3
Armour         | 3 4 6 7 8 9 10 11 | 11.6
Shields        | 3 5 6 7 9 10 11 13 14 15 16 | 16.0
Dodging        | 3 4 5 6 7 8 9 10 | 10.7

Action                   |  1- 3 |  4- 6 |  7- 9 | 10-12 | 13-15 || total
-------------------------+-------+-------+-------+-------+-------++-------
Melee: Hand axe          |    38 |   141 |   236 |       |   475 ||   890
       Headbutt          |     4 |    24 |   107 |   216 |   271 ||   622
       War axe           |       |       |   181 |   900 |    52 ||  1133
       Broad axe         |       |       |       |       |   453 ||   453
 Fire: Hunting sling     |       |       |    31 |    60 |   287 ||   378
Invok: Trog's Hand       |       |     1 |       |     1 |     2 ||     4
       Berserk           |       |     1 |     2 |     5 |     7 ||    15
       Burn Spellbooks   |       |     1 |     1 |     2 |     6 ||    10
  Use: Scroll            |       |       |     2 |     2 |    10 ||    14
 Stab: Petrified         |       |       |       |       |     2 ||     2
  Eat: Chunk             |       |     7 |    16 |    22 |    29 ||    74
       Fruit             |       |       |       |     8 |    10 ||    18
       Pizza             |       |       |       |       |     2 ||     2
Armor: Animal skin       |     9 |     6 |       |       |       ||    15
       Chain mail        |       |    30 |    53 |       |    25 ||   108
       Plate armour      |       |       |   102 |   316 |   127 ||   545
       Crystal plate arm |       |       |       |       |   269 ||   269
Dodge: Dodged            |    31 |    68 |   100 |   303 |   320 ||   822
Block: Shield            |       |    15 |   223 |   645 |   656 ||  1539
       Large shield      |       |       |       |       |    71 ||    71
